 Dungeon Crawl Stone Soup version 0.31-a0-986-g5e6e4ef867 (webtiles) character file.

Game seed: 4654110908740658378

2508 Persephone the Mimic (level 9, 0/60 HPs)
             Began as an Octopode Shapeshifter on Nov 6, 2023.
             Was an Initiate of Gozag.
             Slain by an orc
             ... wielding a +0 trident
              (4 damage)
             ... on level 8 of the Dungeon.
             The game lasted 00:12:48 (7996 turns).

Persephone the Mimic (Octopode Shapeshifter)        Turns: 7996, Time: 00:12:48

Health: 0/60       AC:  1    Str: 17    XL:     9   Next: 53%
Magic:  18/18      EV: 13    Int: 12    God:    Gozag
Gold:   397        SH:  5    Dex: 12    Spells: 8/8 levels left

rFire   . .          .
                       - Unarmed
rCold   . . .        (no shield)
rNeg    + . .        (helmet currently unavailable)
rPois   .            s - amulet of reflection
rElec   .            m - ring of positive energy
rCorr   +            j - ring of magical power
SInv    .            x - ring of resist corrosion
Will    +....        (no ring)
Stlth   ++           (no ring)
HPRegen 0.30/turn    (no ring)
MPRegen 0.16/turn    (no ring)
                     (no ring)

%: reflection
@: beast-form, gold aura, enlightened, flying
A: beast (slay +4), almost no armour, amphibious, 8 rings, camouflage 1,
gelatinous body 1, (nimble swimmer 1), tentacles
a: Begin Untransformation, Renounce Religion, Potion Petition, Call Merchant,
Bribe Branch


You were on level 8 of the Dungeon.
You worshipped Gozag.
Gozag was aware of your devotion.
You were a hulking beast.
You visited 2 branches of the dungeon, and saw 9 of its levels.
You also visited: Ossuary.

You collected 520 gold pieces.
You paid 123 gold pieces to Gozag.

Inventory:

Missiles
 f - 10 poisoned darts
 u - 3 throwing nets
Armour
 g - a +2 cloak of stealth
Jewellery
 j - a ring of magical power (right tentacle)
 m - a ring of positive energy (left tentacle)
 s - an amulet of reflection (around mantle)
 x - a ring of resist corrosion (on tentacle)
Talismans
 b - a beast talisman
 c - a flux talisman
 v - a maw talisman
Wands
 k - a wand of flame (22)
 p - a wand of charming (12)
Scrolls
 e - 3 scrolls of poison
 h - 2 scrolls of amnesia
 i - 4 scrolls of teleportation
 o - a scroll of vulnerability
Potions
 a - 4 potions of lignification
 d - 6 potions of degeneration
 l - 3 potions of curing
 n - 2 potions of enlightenment
 q - a potion of cancellation
 r - 2 potions of magic
 t - a potion of invisibility {unknown}
 z - a potion of might {unknown}


   Skills:
 - Level 4.8 Fighting
 - Level 2.0 Dodging
 - Level 7.6 Unarmed Combat
 + Level 9.1 Shapeshifting


You had 8 spell levels left.
You didn't know any spells.
Your spell library contained the following spells:

 Spells                   Type           Power      Damage    Failure   Level
 Inner Flame              Hex/Fire       0%         N/A       69%         3
 Anguish                  Hex/Necr       0%         N/A       97%         4
 Cause Fear               Hex            0%         N/A       97%         4
 Flame Wave               Conj/Fire      0%         2d4       97%         4
 Leda's Liquefaction      Hex/Erth       0%         N/A       97%         4
 Sticky Flame             Conj/Fire      0%         2d3       97%         4
 Lee's Rapid Deconstruct  Erth           0%         3d4*      100%        5
 Bombard                  Conj/Erth      0%         9d1       100%        6
 Enfeeble                 Hex            0%         N/A       100%        7


Dungeon Overview and Level Annotations

Branches:
Dungeon (8/15)             Temple (1/1) D:7         Ossuary (visited)
   Lair: D:8-11

Altars:
Ashenzari
Cheibriados
Dithmenos
Elyvilon
Gozag
Hepliaklqana
Kikubaaqudgha
Makhleb
Nemelex Xobeh
Okawaru
Ru
Sif Muna
Trog
Uskayaw
Vehumet
Wu Jian
Xom
Yredelemnul
Zin
The Shining One


Innate Abilities, Weirdness & Mutations

You are a hulking beast.
Your limbs bulge with bestial killing power. (Slay +4)
You cannot wear most types of armour.
You are amphibious.
You can wear up to eight rings at the same time.
Your skin changes colour to match your surroundings (Stealth+).
Your rubbery body absorbs attacks. (AC +1, EV +1)
((You are camouflaged when in or above water. (Stealth+)))
You have tentacles for arms and can constrict up to eight enemies at once.


Message History

The orc hits you from afar with a +0 trident.
You barely miss the orc. The orc closely misses you.
The orc hits you from afar with a +0 trident.
You bump into the rock wall.
The orc wizard hits you with a +0 dagger.
The orc closely misses you. x2
The orc wizard hits you with a +0 dagger.
The orc hits you from afar with a +0 trident.
The orc wizard misses you.
The orc priest calls down the wrath of Beogh upon you.
You struggle to resist.
The orc barely misses you.
You barely miss the orc.
You feel less confused.
The orc wizard hits you with a +0 dagger.
The orc priest calls down the wrath of Beogh upon you.
Pain shoots through your body!
The orc hits you from afar with a +0 trident!
The orc barely misses you.
You closely miss the orc wizard. You grab the orc wizard.
You constrict the orc wizard. The orc wizard barely misses you.
The orc barely misses you. The orc closely misses you.
You feel very buoyant.
You fly up into the air.
You constrict the orc wizard.
The orc wizard hits you with a +0 dagger.
The orc priest barely misses you. The orc barely misses you.
The orc closely misses you.
You completely miss the orc wizard.
The orc wizard is moderately wounded.
You constrict the orc wizard.
The orc wizard hits you but does no damage.
The orc priest calls down the wrath of Beogh upon you.
Beogh smites you!
* * * LOW HITPOINT WARNING * * *
The orc closely misses you. x2
You bludgeon the orc wizard!
You kill the orc wizard!
You block the orc priest's attack.
The orc hits you from afar with a +0 trident.
You die...
Your body crumbles into a pile of gold.

#########.#.###.##
#.........
#####......###
#[.........#
#...###.####
#.....#.#
#...#.#.#
#...#...#
######h..#####
(...$.o$o.#
......o...#
........###
........#
........#
..?.....#
........# .......


You could see an orc priest and 2 orcs.

Vanquished Creatures
  A wyvern (D:7)
  The ghost of Daxter0 the Stinger, an amateur DrVM of Dithmenos (D:4)
  A water moccasin (D:8)
  2 ogres
  A sky beast (D:6)
  An ice beast (D:6)
  A centaur (D:7)
  A bullfrog (D:7)
  A wyvern zombie (D:4)
  A gnoll sergeant (D:8)
  A scorpion (D:7)
  5 water moccasin zombies (Ossuary)
  2 howler monkeys
  Crazy Yiuf (D:3)
  6 hounds
  2 jellies
  3 orc priests
  A bullfrog skeleton (D:4)
  2 sleepcaps
  8 orc wizards
  5 iguanas
  2 mummies (Ossuary)
  6 gnolls
  10 adders
  A shadow imp (D:6)
  2 ufetubi (D:5)
  10 adder zombies (Ossuary)
  3 worms
  5 dart slugs
  22 orcs
  4 endoplasms
  4 giant cockroaches
  A gnoll zombie (Ossuary)
  7 hobgoblins
  7 jackals
  8 kobolds
  3 quokkas
  12 ball pythons
  4 bats
  3 frilled lizards
  7 goblins
  5 hobgoblin zombies (Ossuary)
  3 kobold zombies (Ossuary)
  4 orc zombies (Ossuary)
  6 rats
186 creatures vanquished.

Notes
Turn   | Place    | Note
-------+----------+-------------------------------------------
     0 | D:1      | Persephone the Octopode Shapeshifter began the quest for
                  | the Orb.
     0 | D:1      | Reached XP level 1. HP: 13/13 MP: 1/1
   149 | D:1      | Reached XP level 2. HP: 18/18 MP: 2/2
   609 | D:1      | Reached XP level 3. HP: 23/23 MP: 3/3
   847 | D:1      | Found a faded altar of an unknown god.
  2033 | D:2      | Reached XP level 4. HP: 25/29 MP: 4/4
  2275 | D:3      | Found a shimmering blue altar of Sif Muna.
  2650 | D:3      | Reached XP level 5. HP: 34/35 MP: 5/5
  2725 | D:3      | Found a runed translucent door.
  2727 | D:3      | Noticed Crazy Yiuf
  2737 | D:3      | Killed Crazy Yiuf
  2955 | D:4      | Identified the +8 short sword of Featetyo {freeze, Will-
                  | Str+6 Int+3}
  3107 | D:4      | Found a sand-covered staircase.
  3116 | Ossuary  | Entered an ossuary
  3152 | Ossuary  | Reached skill level 5 in Unarmed Combat
  3152 | Ossuary  | Reached skill level 4 in Shapeshifting
  3152 | Ossuary  | Reached XP level 6. HP: 18/42 MP: 6/6
  3306 | Ossuary  | Reached XP level 7. HP: 46/46 MP: 7/7
  3856 | D:4      | Found a runed translucent gate.
  3856 | D:4      | Found a runed translucent gate.
  3856 | D:4      | Found a runed translucent gate.
  3858 | D:4      | Noticed Daxter0's ghost (amateur DrVM)
  4334 | D:4      | Found an iron altar of Okawaru.
  4683 | D:4      | Killed Daxter0's ghost
  4684 | D:4      | Reached XP level 8. HP: 39/54 MP: 8/8
  4686 | D:4      | Reached skill level 5 in Shapeshifting
  4813 | D:5      | Entered Level 5 of the Dungeon
  5761 | D:6      | Reached skill level 6 in Shapeshifting
  6260 | D:6      | Reached skill level 7 in Shapeshifting
  6438 | D:6      | Reached XP level 9. HP: 42/60 MP: 9/9
  6706 | D:6      | Found a glowing golden altar of the Shining One.
  6846 | D:7      | Found a staircase to the Ecumenical Temple.
  6858 | D:7      | Reached skill level 8 in Shapeshifting
  6893 | Temple   | Entered the Ecumenical Temple
  6905 | Temple   | Became a worshipper of Gozag Ym Sagoz the Greedy
  7969 | D:8      | Reached skill level 9 in Shapeshifting
  7996 | D:8      | Slain by an orc

Illustrated notes

Levels and vault maps discovered:
D:1:      co_arrival_random_square_maze, layout_loops_ring,
          hellmonk_ecumenical_altar_inner_sanctum, hangedman_decor_points,
          nicolae_hexahallways, nrook_uturn, bh_walls_and_bars
D:2:      layout_basic, kennysheep_generic_room_11
D:3:      layout_rooms, mainiacjoe_overflow_tiny_flanked,
          uniq_crazy_yiuf_cottage
D:4:      layout_basic, kennysheep_okawaru_gauntlet,
          chequers_ossuary_entry_cave, gammafunk_ghost_necromancy
D:5:      nicolae_BIG_FREAKIN_CUBE, layout_basic
D:6:      layout_rooms, kennysheep_mini_moat
D:7:      layout_basic, minmay_temple_entry_large_hall,
          minmay_misc_feat_four_crosses
D:8:      layout_basic
Temple:   bh_familiar_temple

Skill      XL: |  1  2  3  4  5  6  7  8  9 |
---------------+----------------------------+-----
Unarmed Combat | 4 5 7 |  7.6
Fighting       | 2 3 4 |  4.8
Shapeshifting  | 4 7 9 |  9.1
Dodging        | |  2.0

Action                     |  1- 3 |  4- 6 |  7- 9 || total
---------------------------+-------+-------+-------++-------
  Melee: Unarmed           |    90 |   103 |   247 ||   440
         Constrict         |    25 |    29 |    61 ||   115
         Tentacles         |    18 |    21 |    64 ||   103
         Punch             |     5 |     7 |    20 ||    32
  Throw: Dart              |       |       |    20 ||    20
    Use: Scroll            |     5 |     2 |     7 ||    14
         Potion            |       |     1 |     5 ||     6
   Stab: Sleeping          |    13 |     3 |    12 ||    28
 Armour: Skin              |    34 |    38 |   107 ||   179
  Dodge: Dodged            |    37 |    52 |   129 ||   218
  Block: Other             |       |       |    26 ||    26
         Reflection        |       |       |     1 ||     1

Table legend: (Time is in decaauts)
 A = Elapsed time spent in this place.
 B = Non-inter-level travel time spent in this place.
 C = Inter-level travel time spent in this place.
 D = Time resting spent in this place.
 E = Time spent auto-exploring this place.
 F = Levels seen in this place.
 G = Mean time per level.
                   A        B        C        D        E       F      G
               +--------+--------+--------+--------+--------+-----+--------+
         Total |   7931 |   7663 |    268 |      0 |   6382 |  10 |  793.1 |
       Dungeon |   7576 |   7329 |    247 |      0 |   6159 |   8 |  947.0 |
        Temple |     24 |      3 |     21 |      0 |      0 |   1 |   24.0 |
       Ossuary |    330 |    330 |      0 |      0 |    223 |   1 |  330.0 |
               +--------+--------+--------+--------+--------+-----+--------+

Top non-repeatable levels by time:
     D:4: 1560 daAuts
     D:2: 1123 daAuts
     D:5: 1113 daAuts
     D:1: 1060 daAuts
     D:6: 884 daAuts
     D:7: 853 daAuts
     D:3: 693 daAuts
 Ossuary: 330 daAuts
     D:8: 286 daAuts
  Temple: 24 daAuts
